Map: Para Site LE

Players

BaldSeagull - Winner!

  • Race: Zerg Zerg
  • League: Diamond
  • Spawn Location: 11:00

Evilz

  • Race: Protoss Protoss
  • League: Platinum
  • Spawn Location: 5:00

VOD

Have the link to the VOD?

Description

Time

  • Played on: Jan. 12, 2019, 11:26 a.m.
  • Length: 4:03
Show
View Real Time Build Order
Export as new Build Order

BaldSeagull Zerg - Winner!

Build Orders: Hatch First 

Get SALT Encoding   

  12  0:01  Drone  
  13  0:18  Overlord  
  13  0:19  Drone  
  14  0:37  Drone  
  14  0:38  Drone  
  16  0:53  Hatchery  
  15  0:57  Drone  
  15  0:58  Drone  
  17  1:13  Spawning Pool  
  17  1:16  Drone  
  17  1:22  Drone  
  17  1:24  Drone  
  19  1:34  Overlord  
  19  2:05  Queen  
  21  2:16  Spine Crawler x2  
  21  2:17  Spine Crawler  
  21  2:21  Zergling x2  
  20  2:22  Zergling x2  
  20  2:23  Zergling x4, Spine Crawler  
  21  2:30  Zergling x4  
  21  2:35  Zergling x2  
  24  2:38  Zergling x2  
  24  2:46  Queen  
  26  2:57  Zergling x6  
  28  3:10  Zergling x2  
  28  3:11  Zergling x4  
  31  3:21  Zergling x4  
  32  3:33  Zergling x4  
  34  3:44  Zergling x4  
Show
View Real Time Build Order
Export as new Build Order

Evilz Protoss 

Build Orders:  

Get SALT Encoding   

  12  0:01  Probe  
  13  0:13  Probe  
  14  0:23  Pylon  
  14  0:26  Probe  
  15  0:37  Probe  
  16  0:45  Gateway  
  16  0:46  Probe  
  17  0:56  Assimilator, Probe  
  18  1:08  Probe  
  19  1:20  Probe  
  20  1:38  Zealot  
  20  1:43  Probe  
  20  1:44  Cybernetics Core  
  20  1:45  Gateway  
  23  1:54  Pylon  
  23  2:12  Nexus  
  23  2:14  Adept  
  25  2:33  Assimilator  
  25  2:53  Stalker  
  27  3:10  Shield Battery, Stalker  
  27  3:11  Shield Battery  
  29  3:17  Pylon  
Tags
 
Add a new tag
Caveats
  • Supply blocks, unpowered buildings, or Contaminate may cause inaccurate times.
  • Supply counts are checked every 10 seconds.